 Dungeon Crawl Stone Soup version 0.28-a0-1236-gb25a51b929 (webtiles) character file.

Game seed: 6793655885755551579

73 porpoise the Conjurer (level 4, 0/24 HPs)
             Began as a Deep Elf Conjurer on Dec 26, 2021.
             Killed by divine providence
             ... invoked by an orc priest
              (13 damage)
             ... on level 3 of the Dungeon.
             The game lasted 00:07:14 (2650 turns).

porpoise the Conjurer (Deep Elf Conjurer)           Turns: 2650, Time: 00:07:15

Health: 0/24       AC:  2    Str:  4    XL:     4   Next: 8%
Magic:  9/12       EV: 12    Int: 25    God:
Gold:   45         SH:  0    Dex: 13    Spells: 0/11 levels left

rFire   . . .      SeeInvis .   a - +0 short sword
rCold   . . .      Faith    .   (no shield)
rNeg    . . .      Spirit   .   g - +0 robe
rPois   .          Reflect  .   (no helmet)
rElec   .          Harm     .   (no cloak)
rCorr   .          Rampage  .   (no gloves)
Will    .....                   (no boots)
Stlth   ++........              (no amulet)
HPRegen 0.08/turn               (no ring)
MPRegen 0.13/turn               (no ring)

@: no status effects
A: no striking features
a: no special abilities


You were on level 3 of the Dungeon.
You visited 1 branch of the dungeon, and saw 3 of its levels.

You collected 86 gold pieces.
You spent 41 gold pieces at shops.

Inventory:

Hand Weapons
 a - a +0 short sword (weapon)
Missiles
 c - 89 stones
 h - 15 poisoned darts
Armour
 g - a +0 robe (worn)
Scrolls
 e - 2 scrolls of identify {unknown}
 f - 2 scrolls of teleportation {unknown}
Potions
 b - 2 potions of curing {unknown}
 d - 3 potions of lignification {unknown}
 i - a potion of ambrosia {unknown}
 j - a potion of heal wounds {unknown}
 k - a potion of haste {unknown}


   Skills:
 - Level 2.4 Dodging
 + Level 2.8 Stealth
 * Level 4.1 Spellcasting
 - Level 5.5 Conjurations
 * Level 0.0 Hexes


You couldn't memorise any spells.
You knew the following spells:

 Your Spells              Type           Power      Damage    Failure   Level
a - Magic Dart            Conj           100%       1d8       1%          1
b - Searing Ray           Conj           66%        2d6       1%          2
c - Fulminant Prism       Conj/Hex       9%         3d7       28%         4
d - Iskenderun's Mystic   Conj/Tloc      19%        2d6       28%         4

Your spell library contained the following spells:

 Spells                   Type           Power      Damage    Failure   Level
 Dazzling Flash           Conj/Hex       38%        N/A       9%          3
 Ensorcelled Hibernation  Hex/Ice        10%        N/A       14%         2
 Spider Form              Tmut/Pois      5%         N/A       26%         3


Dungeon Overview and Level Annotations

Branches:
Dungeon (3/15)

Altars:
Xom

Shops:
D:1 *

Annotations:
D:2 Sigmund


Message History

You hear the rusting of a distant drain.
You hear the rusting of a distant drain.
Found 23 stones.
Found a leather armour.
c - 89 stones (gained 23)
You see here a +0 leather armour.
You hear the brisk rusting of a drain nearby.
Casting: Searing Ray (safe; 1% risk of failure)
Confirm with . or Enter, or press ? or * to list all spells.
The spell is potentially lethal to miscast (28% risk of failure)!
Continue anyway?
Okay, then.
Unknown command.
Casting: Fulminant Prism (potentially lethal; 28% risk of failure)
Confirm with . or Enter, or press ? or * to list all spells.
Aiming: Searing Ray (safe; 1% risk of failure)
Press: ? - help, Shift-Dir - straight line, f - black bear
Aim: a black bear (asleep, 100% to hit)
Okay, then.
Unknown command.
The black bear growls angrily.
You hear a shout! x3
An orc wizard comes into view. It is wielding a +0 dagger.
Casting: Searing Ray (safe; 1% risk of failure)
Confirm with . or Enter, or press ? or * to list all spells.
Aiming: Searing Ray (safe; 1% risk of failure)
Press: ? - help, Shift-Dir - straight line, f - black bear
Aim: a black bear (86% to hit)
The searing ray hits the black bear.
The black bear is lightly wounded. (Press . to maintain the ray.)
The orc priest mumbles some strange prayers to Beogh against you.
Beogh smites you!
The searing ray hits the black bear.
The black bear is moderately wounded.
The orc wizard mumbles some strange words.
The orc wizard flickers and vanishes!
Deactivating autopickup; reactivate with Ctrl-A.
The orc priest calls down the wrath of Beogh upon you.
Beogh smites you!
Ouch! That really hurt!
You die...

......######..#######
#...{# #..# #..o.# #..# #
#....# ###..#
#...###..รท.####..[.##
#.................^.#
#.##.#.#h#####.#...######
#..#.#.#.# #...........
#....#.#@# ###...######
###.#.#.#.#######...######
#.........................
###
#####................######
#.# #........#.########..#
#.#####..##..#.#.# #..#
.........###.#.#.# #..#
#..........#...#.# #..#
########.#.##..#.# #..#


You could see a black bear and an orc priest.

Vanquished Creatures
  2 adders (D:2)
  An ufetubus (D:2)
  An orc (D:2)
  5 ball pythons
  8 endoplasms
  2 giant cockroaches
  2 goblins (D:1)
  7 hobgoblins
  5 kobolds
  3 quokkas
  2 bats
  2 frilled lizards
  5 rats
45 creatures vanquished.

Notes
Turn   | Place    | Note
-------+----------+-------------------------------------------
     0 | D:1      | porpoise the Deep Elf Conjurer began the quest for the Orb.
     0 | D:1      | Reached XP level 1. HP: 10/10 MP: 6/6
   413 | D:1      | Reached XP level 2. HP: 15/15 MP: 5/8
   560 | D:1      | Reached skill level 5 in Conjurations
   588 | D:1      | Learned a level 2 spell: Searing Ray
   772 | D:1      | Found Zasuts's Assorted Antiques.
   800 | D:1      | Bought a scroll labelled AFYP CUISAC for 22 gold pieces
   800 | D:1      | Bought a viscous pink potion for 19 gold pieces
  1135 | D:1      | Reached XP level 3. HP: 19/19 MP: 1/10
  1396 | D:2      | Found a shimmering altar of Xom.
  1676 | D:2      | Found a faded altar of an unknown god.
  2103 | D:2      | Reached XP level 4. HP: 24/24 MP: 10/12
  2308 | D:2      | Noticed Sigmund
  2450 | D:3      | Noticed a black bear
  2464 | D:3      | Learned a level 4 spell: Fulminant Prism
  2469 | D:3      | Learned a level 4 spell: Iskenderun's Mystic Blast
  2650 | D:3      | Killed from afar by an orc priest

Illustrated notes

Levels and vault maps discovered:
D:1:      ncdulo_smallfort, layout_basic, serial_shops,
          nicolae_shop_hallway_plus, minmay_tromino_v4_c
D:2:      layout_basic, basic_ecumenical_altar, serial_co_window_serial,
          co_window_paths_b, co_window_paths_a, co_window_paths_b,
          co_window_paths_a, co_window_of_opportunity_a, co_window_broadway_c,
          co_window_unsneaky_path_d, co_window_corner_ca, co_window_corner_ca,
          co_window_of_opportunity_b, glass_columns_b, glass_columns_c,
          basic_altar, uniq_sigmund
D:3:      layout_basic, gup_sewer_entry_spiral, uniq_robin,
          uniq_crazy_yiuf_cottage

Skill      XL: |  1  2  3 |
---------------+----------+-----
Conjurations   | 5 |  5.5
Spellcasting   | 4 |  4.1
Dodging        | |  2.4
Stealth        | |  2.8

Action                   |  1- 3 |  4- 6 || total
-------------------------+-------+-------++-------
 Cast: Magic Dart        |    51 |     4 ||    55
       Searing Ray       |    10 |     4 ||    14
Armor: Robe              |     3 |       ||     3
Dodge: Dodged            |     4 |       ||     4

Table legend: (Time is in decaauts)
 A = Elapsed time spent in this place.
 B = Non-inter-level travel time spent in this place.
 C = Inter-level travel time spent in this place.
 D = Time resting spent in this place.
 E = Time spent auto-exploring this place.
 F = Levels seen in this place.
 G = Mean time per level.
                   A        B        C        D        E       F      G
               +--------+--------+--------+--------+--------+-----+--------+
         Total |   2649 |   2628 |     21 |    835 |   1400 |   3 |  883.0 |
       Dungeon |   2649 |   2628 |     21 |    835 |   1400 |   3 |  883.0 |
               +--------+--------+--------+--------+--------+-----+--------+

Top non-repeatable levels by time:
     D:1: 1353 daAuts
     D:2: 963 daAuts
     D:3: 332 daAuts
